 Dungeon Crawl Stone Soup version 0.27-b1-16-g6517624069 (webtiles) character file.

Game seed: 9919597703487188452

2 seveneves the Magician (level 1, 0/15 HPs)
             Began as a Djinni Fire Elementalist on July 26, 2021.
             Slain by a frilled lizard (2 damage)
             ... on level 1 of the Dungeon.
             The game lasted 00:00:37 (58 turns).

seveneves the Magician (Djinni Fire Elementalist)     Turns: 58, Time: 00:00:37

Health: 0/15       AC:  2    Str:  7    XL:     1   Next: 44%
Gold:   0          EV: 12    Int: 16    God:
                   SH:  0    Dex: 13

rFire    + + .     SeeInvis .   b - +0 whip
rCold    x . .     Faith    .   (no shield)
rNeg     . . .     Spirit   .   a - +0 robe
rPois    ∞         Reflect  .   (no helmet)
rElec    .         Harm     .   (no cloak)
rCorr    .         Rampage  .   (no gloves)
Will     .....                  (boots unavailable)
Stlth    ++........             (no amulet)
HPRegen  0.05/turn              (no ring)
MPRegen  0.00/turn              (no ring)

@: flying
A: sickness immunity, fire resistance 2, cold vulnerability 1, float, innate
caster, hp casting, extra vitality 1
a: no special abilities


You were on level 1 of the Dungeon.
You visited 1 branch of the dungeon, and saw 1 of its levels.

Inventory:

Hand Weapons
 b - a +0 whip (weapon)
Armour
 a - a +0 robe (worn)


   Skills:
 + Level 2.2 Dodging
 + Level 1.6 Stealth
 + Level 2.5 Spellcasting


You couldn't memorise any spells.
You knew the following spells:

 Your Spells              Type           Power      Damage    Failure   Level
a - Foxfire               Conj/Fire      40%        2x1d6     7%          1
b - Conjure Flame         Conj/Fire      10%        6-21      21%         3
c - Inner Flame           Hex/Fire       10%        N/A       21%         3
d - Sticky Flame          Conj/Fire      10%        2d3       56%         4
e - Fireball              Conj/Fire      5%         3d5       88%         5
Your spell library was empty.

Dungeon Overview and Level Annotations

Branches:
Dungeon (1/15)

Altars:


Innate Abilities, Weirdness & Mutations

You are immune to sickness and miasma.
You are immune to poison.
Your flesh is very heat resistant. (rF++)
You are vulnerable to cold. (rC-)
You float through the air rather than walking.
You learn spells naturally, not from books.
Your magical power is your life essence.
You have superior vitality. (+4 HP)


Message History

The goblin hits you with a +0 club.
You hit the goblin.
The goblin is heavily wounded.
The goblin closely misses you.
You closely miss the goblin.
The goblin is moderately wounded.
The goblin hits you but does no damage. The frilled lizard barely misses you.
Casting: Foxfire (safe; 7% risk of failure)
Press: ? - help, Q - select action Dir - look around, f - activate You conjure some foxfire!
The endoplasm barely misses you. The goblin hits you but does no damage.
The frilled lizard misses you.
The foxfire hits the endoplasm.
The endoplasm is severely wounded.
The endoplasm barely misses you. The goblin barely misses you.
Casting: Foxfire (safe; 7% risk of failure)
Press: ? - help, Q - select action Dir - look around, f - activate You conjure some foxfire!
The goblin closely misses you.
Your foxfire dissipates!
Casting: Foxfire (safe; 7% risk of failure)
Press: ? - help, Q - select action Dir - look around, f - activate You conjure some foxfire!
The goblin hits you with a +0 club.
Your foxfire dissipates!
The foxfire hits the goblin.
The goblin is heavily wounded.
Casting: Foxfire (safe; 7% risk of failure)
Press: ? - help, Q - select action Dir - look around, f - activate You conjure some foxfire!
The goblin hits you with a +0 club.
* * * LOW HITPOINT WARNING * * *
You closely miss the goblin.
The goblin is heavily wounded.
The goblin closely misses you.
You hit the goblin.
You kill the goblin!
You barely miss the frilled lizard. The frilled lizard bites you.
You die...

#≈.≈...≈.≈#
#≈.§...≈.≈#
#≈.......≈#
#.........# ###
#.........# #..
#.........# #.#
####'''#### #.#
#####8...8# #v#
....†.....### #@#
.###........####l#
######.#.Jl..J#
#...###### ##...#
#.......
#..####.... #..
##... #.# #.


You could see an endoplasm and a frilled lizard (ally target).

Vanquished Creatures
  A goblin (D:1)
  A hobgoblin (D:1)
2 creatures vanquished.

Vanquished Creatures (others)
  3 foxfires (D:1)
3 creatures vanquished.

Grand Total: 5 creatures vanquished

Notes
Turn   | Place    | Note
-------+----------+-------------------------------------------
     0 | D:1      | seveneves the Djinni Fire Elementalist began the quest for
                  | the Orb.
     0 | D:1      | Reached XP level 1. HP: 15/15 MP: 0/0
    58 | D:1      | Slain by a frilled lizard

Illustrated notes

Levels and vault maps discovered:
D:1:      scummos_arrival_gate, layout_loops_ring,
          shapermc_ecumenical_altar_venn, minmay_misc_feat_x, chequers_jeans,
          minmay_misc_feat_more_columns, kennysheep_small_spiral

Action                   || total
-------------------------++-------
Melee: Whip              ||     6
 Cast: Foxfire           ||     5
Armor: Robe              ||     2
Dodge: Dodged            ||     9
